 Dungeon Crawl Stone Soup version 0.30-b1-2-g02819fbbbe (webtiles) character file.

Game seed: 14655811911825396245

969 psychodelta the Cudgeller (level 7, -1/57 (62) HPs)
             Began as a Minotaur Fighter on May 15, 2023.
             Was an Initiate of Gozag.
             Slain by a wight
             ... wielding a +0 great sword
              (13 damage)
             ... on level 6 of the Dungeon.
             The game lasted 00:05:12 (5228 turns).

psychodelta the Cudgeller (Minotaur Fighter)        Turns: 5228, Time: 00:05:12

HP:   -1/57 (62)    AC:  8    Str: 23    XL:     7   Next: 94%
MP:   6/6           EV: 10    Int:  5    God:    Gozag
Gold: 404           SH:  4    Dex:  9    Spells: 6/6 levels left

rFire   . . .        t - +6 flail of Bloodstone {heavy, Will++ rCorr}
rCold   . . .        c - +0 buckler
rNeg    . . .        b - +0 scale mail
rPois   +            (helmet restricted)
rElec   .            p - +0 cloak
rCorr   +            (no gloves)
SInv    .            (no boots)
Will    ++...        (no amulet) Stlth
                     q - ring of poison resistance
HPRegen 0.29/turn    (no ring)
MPRegen 0.10/turn

%: no passive effects
@: gold aura, drained
A: horns 2, retaliatory headbutt
a: Renounce Religion, Potion Petition, Call Merchant, Bribe Branch


You were on level 6 of the Dungeon.
You worshipped Gozag.
Gozag was aware of your devotion.
You visited 2 branches of the dungeon, and saw 7 of its levels.

You collected 458 gold pieces.
You paid 54 gold pieces to Gozag.

Inventory:

Hand Weapons
 a - a +0 long sword
 t - the +6 flail of Bloodstone (weapon) {heavy, Will++ rCorr}
   (You found it on level 3 of the Dungeon)

   rCorr:     It protects you from acid and corrosion.
   Will:      It greatly increases your willpower.
Missiles
 w - 2 throwing nets (quivered)
Armour
 b - a +0 scale mail (worn)
 c - a +0 buckler (worn)
 p - a +0 cloak (worn)
Jewellery
 m - a ring of ice
 q - a ring of poison resistance (left hand)
 A - a ring of ice
Wands
 r - a wand of charming (8)
Scrolls
 e - 5 scrolls of identify {unknown}
 f - 2 scrolls of poison {unknown}
 g - 3 scrolls of teleportation {unknown}
 h - 3 scrolls of immolation {unknown}
 j - a scroll of noise {unknown}
 l - a scroll of fear {unknown}
 o - a scroll of enchant weapon {unknown}
 s - a scroll of enchant armour {unknown}
 v - 3 scrolls of torment {unknown}
 x - a scroll of magic mapping {unknown}
 y - a scroll of fog {unknown}
 z - a scroll of vulnerability {unknown}
 B - a scroll of amnesia {unknown}
Potions
 d - 6 potions of might
 i - a potion of ambrosia {unknown}
 k - 2 potions of lignification {unknown}
 n - a potion of haste {unknown}
 u - 2 potions of cancellation {unknown}


   Skills:
 + Level 5.8 Fighting
 - Level 4.3 Long Blades
 * Level 6.4 Maces & Flails
 + Level 6.2 Armour
 + Level 1.9 Dodging
 + Level 0.6 Stealth
 + Level 4.5 Shields


You had 6 spell levels left.
You didn't know any spells.
Your spell library contained the following spells:

 Spells                   Type           Power      Damage    Failure   Level
 Cigotuvi's Dreadful Rot  Necr/Pois/Air  0%         N/A       92%         2
 Vhi's Electric Charge    Tloc/Air       0%         N/A       99%         3
 Dispel Undead            Necr           0%         3d6       100%        4
 Arcjolt                  Conj/Air       0%         1d10      100%        5
 Death Channel            Necr           0%         N/A       100%        6
 Plasma Beam              Fire/Air       0%         2x1d11    100%        6


Dungeon Overview and Level Annotations

Branches:
Dungeon (6/15)             Temple (1/1) D:4

Altars:
Cheibriados
Dithmenos
Gozag
Hepliaklqana
Okawaru
Qazlal
Ru
Sif Muna
Trog
Uskayaw
Wu Jian
Xom
Yredelemnul


Innate Abilities, Weirdness & Mutations

You have a pair of horns on your head.
You reflexively headbutt those who attack you in melee.


Message History

A wight comes into view. It is wielding a +0 great sword.
A wight is nearby!
A wight is nearby!
An orc comes into view. It is wielding a +0 mace.
Found a falchion, a mace, a spear, a robe and a short sword.
Found an iron altar of Okawaru.
The orc shouts!
A wight comes into view. It is wielding a +4 short sword.
The wight barely misses you.
A wight comes into view.
It is wielding a +7 halberd of freezing.
You barely miss the wight. The wight closely misses you.
You completely miss the wight.
You headbutt the wight, but do no damage.
The orc barely misses you. The wight closely misses you.
You furiously retaliate!
You headbutt the wight.
The wight hits you with a +0 great sword!
You feel drained. The orc hits you with a +0 mace!
You closely miss the wight.
The wight is lightly damaged.
The orc hits you with a +0 mace. The wight barely misses you.
The wight hits you with a +0 great sword.
You feel drained. The orc closely misses you. You furiously retaliate!
You headbutt the orc. You sock the orc!
You kill the orc!
The wight hits you from afar with a +7 halberd of freezing!
The wight freezes you.
The wight hits you with a +0 great sword.
* * * LOW HITPOINT WARNING * * *
You feel drained.
* * * LOW HITPOINT WARNING * * *
You block the wight's attack.
A wight comes into view. It is wielding a +0 scimitar.
The wight attacks as you move away! You block the wight's attack.
The wight attacks as you move away! The wight closely misses you.
You furiously retaliate!
You headbutt the wight. The wight attacks as you move away!
The wight hits you with a +0 great sword!
You die...
Your body crumbles into a pile of gold.

)..[... . . #.
.).).# .##..
#.##.._..##z....
#..#. .).#......
#.... .........
#...###$.......
#...#z........
#...z.......#
##.@z........
##...........
###............
####.#..........##
##.#.......#.....#
##..........#..#..#
#........>.....#...
###.............
#.............


You could see 4 wights.

Vanquished Creatures
  3 ogres
  A centaur (D:5)
  A phantom (D:6)
  A bullfrog (D:5)
  A scorpion (D:5)
  2 jellies (D:5)
  An orc priest (D:6)
  Natasha (thrice) (D:3)
  An orc wizard (D:5)
  Robin (D:3)
  3 adders
  8 gnolls
  A white imp (D:5)
  4 worms
  4 dart slugs
  14 orcs
  5 ball pythons
  4 bats
  5 endoplasms
  5 giant cockroaches
  22 goblins
  10 hobgoblins
  3 jackals (D:3)
  4 kobolds
  3 quokkas
  4 frilled lizards
  5 rats
119 creatures vanquished.

Notes
Turn   | Place    | Note
-------+----------+-------------------------------------------
     0 | D:1      | psychodelta the Minotaur Fighter began the quest for the
                  | Orb.
     0 | D:1      | Reached XP level 1. HP: 19/19 MP: 0/0
   165 | D:1      | Reached XP level 2. HP: 23/27 MP: 1/1
   869 | D:1      | Reached XP level 3. HP: 33/33 MP: 2/2
  1189 | D:2      | Reached XP level 4. HP: 34/40 MP: 3/3
  1451 | D:2      | Found a stormy altar of Qazlal.
  1629 | D:3      | Noticed Robin
  1868 | D:3      | Killed Robin
  1869 | D:3      | Reached skill level 5 in Armour
  1869 | D:3      | Reached XP level 5. HP: 36/46 MP: 4/4
  2099 | D:3      | Found a shadowy altar of Dithmenos.
  2146 | D:3      | Noticed Natasha
  2152 | D:3      | Killed Natasha
  2271 | D:3      | Found an ornate altar of the Wu Jian Council.
  2369 | D:3      | Identified the +6 flail of Bloodstone {heavy, Will++ rCorr}
  2373 | D:3      | Noticed Natasha
  2393 | D:3      | Killed Natasha
  2394 | D:3      | Reached skill level 5 in Fighting
  2575 | D:3      | Noticed Natasha
  2580 | D:3      | Killed Natasha
  2938 | D:4      | Reached skill level 1 in Maces & Flails
  2938 | D:4      | Reached XP level 6. HP: 56/56 MP: 5/5
  2958 | D:4      | Reached skill level 1 in Dodging
  3089 | D:4      | Found a staircase to the Ecumenical Temple.
  3152 | D:4      | Found a shimmering blue altar of Sif Muna.
  3227 | Temple   | Entered the Ecumenical Temple
  3299 | Temple   | Became a worshipper of Gozag Ym Sagoz the Greedy
  3364 | D:5      | Entered Level 5 of the Dungeon
  3619 | D:5      | Reached XP level 7. HP: 29/61 MP: 6/6
  3946 | D:5      | Reached skill level 5 in Maces & Flails
  5221 | D:6      | Found an iron altar of Okawaru.
  5228 | D:6      | Slain by a wight

Illustrated notes

Levels and vault maps discovered:
D:1:      psy_arrival_radial01, layout_loops_ring, minivault_24,
          grunt_decor_mini_mirrors, kennysheep_doodads
D:2:      layout_rooms, basic_altar, grunt_ministairs_11, minmay_crystal_water
D:3:      layout_rooms, general_overflow_altar,
          mainiacjoe_overflow_cross_hatched, uniq_robin, uniq_natasha
D:4:      layout_rooms, marbit_many_paths, minmay_temple_entry_overgrown
D:5:      layout_basic
D:6:      layout_cave_pools, okawaru_ov_weapons_minmay, makhleb_grotto_becter
Temple:   nicolae_temple_colour_theory

Skill      XL: |  1  2  3  4  5  6  7 |
---------------+----------------------+-----
Armour         | 4 5 6 |  6.2
Shields        | 4 |  4.5
Fighting       | 4 5 |  5.8
Long Blades    | 3 4 |  4.3
Maces & Flails | 1 4 6 |  6.4
Dodging        | 1 |  1.9
Stealth        | |  0.6

Action                     |  1- 3 |  4- 6 |  7- 9 || total
---------------------------+-------+-------+-------++-------
  Melee: Long sword        |    78 |   115 |       ||   193
         Headbutt          |     9 |    23 |     7 ||    39
         Flail             |       |    36 |    32 ||    68
 Armour: Scale mail        |    26 |    95 |    20 ||   141
  Dodge: Dodged            |    35 |    83 |    27 ||   145
  Block: Buckler           |    16 |    43 |    14 ||    73
